 Dungeon Crawl Stone Soup version 0.20.1-1-g8b1a95d (webtiles) character file.

534 epen the Poker (level 7, 0/55 HPs)
             Began as a Demonspawn Abyssal Knight on July 27, 2017.
             Was a Believer of Lugonu.
             Slain by an ice beast (6 damage)
             ... on level 5 of the Dungeon.
             The game lasted 00:08:43 (4854 turns).

epen the Poker (Demonspawn Abyssal Knight)          Turns: 4854, Time: 00:08:44

Health: 0/55       AC: 12    Str: 15    XL:     7   Next: 4%
Magic:  10/10      EV: 10    Int: 13    God:    Lugonu [**....]
Gold:   252        SH:  0    Dex: 12    Spells: 6/6 levels left

rFire    + + .     SeeInvis .   a - +2 spear
rCold    + . .     Gourm    .   (no shield)
rNeg     . . .     Faith    .   e - +2 scale mail {MR+}
rPois    .         Spirit   .   (no helmet)
rElec    .         Reflect  .   (no cloak)
rCorr    .         Harm     .   (no gloves)
MR       ++...                  (no boots)
Stlth    ..........             (no amulet)
Regen    0.2/turn               q - ring of protection from fire
MPRegen  0.2/turn               D - ring of protection from magic

@: no status effects
A: icy blue scales 3, fire resistance 1, flame cloud immunity
a: Depart the Abyss, Bend Space, Renounce Religion


You were on level 5 of the Dungeon.
You worshipped Lugonu.
Lugonu was pleased with you.
You were not hungry.

You visited 1 branch of the dungeon, and saw 5 of its levels.
You visited the Abyss 1 time.

You collected 310 gold pieces.
You spent 58 gold pieces at shops.

Inventory:

Hand Weapons
 a - a +2 spear (weapon)
Armour
 b - a +0 leather armour
 e - a +2 scale mail of magic resistance (worn)
Jewellery
 q - a ring of protection from fire (left hand)
 D - a ring of protection from magic (right hand)
Scrolls
 d - a scroll of recharging
 h - a scroll of magic mapping
 l - 2 scrolls of enchant weapon
 m - a scroll of random uselessness
 p - 3 scrolls of teleportation
 v - a scroll of remove curse
 B - 3 scrolls of fog
Potions
 f - a potion of resistance
 i - 2 potions of might
 j - a potion of mutation {unknown}
 k - 4 potions of curing
 n - 3 potions of invisibility {unknown}
 o - a potion of agility
 s - a potion of lignification {unknown}
 t - a potion of berserk rage {unknown}
 w - a potion of heal wounds
 x - a potion of flight {unknown}
 A - a potion of brilliance {unknown}
Books
 y - a book of Cantrips

   Spells                             Type                      Level
   a - Confusing Touch                Hexes                        1
   b - Animate Skeleton               Necromancy                   1
   c - Summon Small Mammal            Summoning                    1
   d - Apportation                    Translocation                1
Comestibles
 c - 3 bread rations
 g - 2 meat rations
 r - a chunk of flesh


   Skills:
 + Level 4.6 Fighting
 * Level 4.6 Polearms
 - Level 1.7 Armour
 + Level 3.1 Dodging
 + Level 4.2 Invocations


You had 6 spell levels left.
You didn't know any spells.

Dungeon Overview and Level Annotations

Branches:
Dungeon (5/15)
 Temple: D:4-7

Altars:
Ashenzari
Yredelemnul
The Shining One

Shops:
D:4 *


Innate Abilities, Weirdness & Mutations

You are completely covered in icy blue scales. (AC +4, rC+)
Your flesh is heat resistant. (rF+)
You are immune to clouds of flame.


Message History

You hit the ice beast.
The ice beast is moderately wounded.
The ice beast hits you. The ice beast freezes you! You resist.
* * * LOW HITPOINT WARNING * * *
You are too injured to fight recklessly!
You closely miss the ice beast.
The ice beast is moderately wounded.
The ice beast hits you but does no damage.
The ice beast barely misses you. The ice beast closely misses you.
The centaur shoots an arrow.
The arrow closely misses you.
You see here an arrow.
The centaur shoots an arrow.
The arrow hits you but does no damage.
You see here an arrow.
The centaur shoots an arrow.
The arrow hits you!
* * * LOW HITPOINT WARNING * * *
The ice beast hits you.
* * * LOW HITPOINT WARNING * * *
The ice beast freezes you. You resist.
You die...

### #<# #.#
################.#
#.............##.#
#.###.....###.##.####
#......##.# #.##....#
#####...#.# #.##@...#
........#.# #.(Y....#
######.##.###....#+##
#>............c.....
##+###.....#.#.#.#.##
.....#####.#.....#.#
..(((((..#...#.....#
....(###.###.#..####
.....# #.c.#.#......


You could see an ice beast and a centaur.

Vanquished Creatures
  A phantom (D:3)
  2 ogres (D:4)
  A howler monkey (D:4)
  A centaur skeleton (D:4)
  3 worker ants (D:4)
  A hound skeleton (D:4)
  3 adders
  3 oozes
  4 worms
  2 dart slugs
  3 leopard geckos
  5 orcs
  A ball python (D:2)
  4 giant cockroaches
  4 goblins
  3 hobgoblins (D:2)
  4 jackals (D:1)
  2 quokkas (D:2)
  10 bats
  6 frilled lizards
  6 kobolds
  A leopard gecko skeleton (D:4)
  6 rats
76 creatures vanquished.

Notes
Turn   | Place    | Note
-------+----------+-------------------------------------------
     0 | Abyss:1  | epen the Demonspawn Abyssal Knight began the quest for the Orb.
     0 | Abyss:1  | Reached XP level 1. HP: 18/18 MP: 2/2
    17 | D:1      | Escaped the Abyss
    37 | D:1      | Reached skill level 1 in Dodging
    80 | D:1      | Gained mutation: You are partially covered in icy blue scales. (AC +2) [demonic ancestry]
    80 | D:1      | Reached XP level 2. HP: 14/24 MP: 4/4
   799 | D:1      | Gained mutation: You are mostly covered in icy blue scales. (AC +3) [demonic ancestry]
   799 | D:1      | Reached XP level 3. HP: 29/29 MP: 5/5
   918 | D:2      | Reached ** piety under Lugonu
  1337 | D:2      | Found a shattered altar of Ashenzari.
  1811 | D:2      | Gained mutation: Your flesh is heat resistant. (rF+) [demonic ancestry]
  1811 | D:2      | Reached XP level 4. HP: 34/35 MP: 6/6
  2322 | D:3      | Noticed a phantom
  2372 | D:3      | Killed a phantom
  2372 | D:3      | Gained mutation: You are immune to clouds of flame. [demonic ancestry]
  2372 | D:3      | Reached XP level 5. HP: 21/42 MP: 7/7
  2840 | D:4      | Noticed an ogre
  3293 | D:4      | Noticed an ogre
  3562 | D:4      | Killed an ogre
  3562 | D:4      | Gained mutation: You are completely covered in icy blue scales. (AC +4, rC+) [demonic ancestry]
  3562 | D:4      | Reached XP level 6. HP: 28/48 MP: 8/8
  4038 | D:4      | Found a glowing golden altar of the Shining One.
  4043 | D:4      | Found a basalt altar of Yredelemnul.
  4045 | D:4      | Noticed a profane servitor
  4597 | D:4      | Found Awikh's Assorted Antiques.
  4600 | D:4      | Bought a scroll labeled OCUIRU ICYHE for 29 gold pieces
  4600 | D:4      | Bought a scroll labeled VEUJUTTAPEC for 29 gold pieces
  4626 | D:4      | Reached XP level 7. HP: 55/55 MP: 10/10
  4742 | D:4      | Noticed an angel
  4762 | D:5      | Entered Level 5 of the Dungeon
  4854 | D:5      | Slain by an ice beast

Skill      XL: |  1  2  3  4  5  6 |
---------------+-------------------+-----
Dodging        | 1 2 3 |  3.1
Polearms       | 2 3 4 |  4.6
Invocations    | 3 4 |  4.2
Fighting       | 4 |  4.6
Armour         | |  1.7

Action                   |  1- 3 |  4- 6 |  7- 9 || total
-------------------------+-------+-------+-------++-------
Melee: Spear             |   167 |   248 |    48 ||   463
Invok: Bend Space        |       |     3 |       ||     3
  Use: Scroll            |       |    13 |       ||    13
  Eat: Chunk             |     3 |     4 |       ||     7
       Royal jelly       |       |     1 |       ||     1
       Meat ration       |       |     1 |       ||     1
Armor: Scale mail        |    72 |    94 |    22 ||   188
Dodge: Dodged            |    53 |    93 |    20 ||   166
